[ AOE2 MATCH · #483117166 ]
UnrankedPoles vs Aztecs
[ REPLAY ANALYSIS · EXTRACTED FROM THE RECORDED GAME ]
Feudal
11:24
Castle
15:09
Imperial
28:50
| APM avg | 49.5 |
| APM peak | 122 |
| eAPM avg | 38.5 |
| Villagers / military | 221 / 817 |
Focus
⚔️ 50.1% · 🌾 49.9%
Obuch ×744 · Trade Cart ×113 · Battering Ram ×61 · Trebuchet (Packed) ×5 · Monk ×3 · Scout Cavalry ×3
Feudal
11:26
Castle
16:51
Imperial
35:07
| APM avg | 38.0 |
| APM peak | 102 |
| eAPM avg | 27.8 |
| Villagers / military | 175 / 593 |
Focus
⚔️ 31.5% · 🌾 68.5%
Spearman ×444 · Skirmisher ×83 · Jaguar Warrior ×43 · Trebuchet (Packed) ×12 · Trade Cart ×7 · Monk ×6
Feudal
11:49
Castle
15:24
Imperial
28:01
| APM avg | 54.2 |
| APM peak | 124 |
| eAPM avg | 34.2 |
| Villagers / military | 304 / 581 |
Focus
⚔️ 57.6% · 🌾 42.4%
Knight ×417 · Spearman ×95 · Scout Cavalry ×50 · Bombard Cannon ×10 · Trebuchet (Packed) ×5 · Monk ×2
Feudal
9:58
Castle
23:40
Imperial
38:10
| APM avg | 44.3 |
| APM peak | 107 |
| eAPM avg | 25.5 |
| Villagers / military | 195 / 666 |
Focus
⚔️ 60.1% · 🌾 39.9%
Spearman ×288 · Scout Cavalry ×234 · Cavalry Archer ×69 · Trade Cart ×34 · Camel Scout ×33 · Knight ×21
Feudal
10:57
Castle
14:30
Imperial
33:12
| APM avg | 39.3 |
| APM peak | 95 |
| eAPM avg | 30.2 |
| Villagers / military | 254 / 483 |
Focus
⚔️ 57.0% · 🌾 43.0%
Skirmisher ×263 · Spearman ×98 · Archer ×88 · Longbowman ×29 · Trade Cart ×12 · Trebuchet (Packed) ×4
Feudal
8:07
Castle
24:42
Imperial
31:35
| APM avg | 23.4 |
| APM peak | 81 |
| eAPM avg | 14.3 |
| Villagers / military | 168 / 5 |
Focus
⚔️ 33.5% · 🌾 66.5%
Unknown (2579) ×102 · Trade Cart ×18 · Trebuchet (Packed) ×4 · Mangonel ×1
Feudal
11:27
Castle
15:14
Imperial
30:40
| APM avg | 27.9 |
| APM peak | 76 |
| eAPM avg | 16.8 |
| Villagers / military | 134 / 364 |
Focus
⚔️ 44.3% · 🌾 55.7%
Scout Cavalry ×133 · Camel Scout ×121 · Janissary ×99 · Bombard Cannon ×6 · Battering Ram ×3 · Mangonel ×2
Feudal
11:31
Castle
15:08
Imperial
36:45
| APM avg | 23.9 |
| APM peak | 55 |
| eAPM avg | 15.3 |
| Villagers / military | 117 / 511 |
Focus
⚔️ 45.0% · 🌾 55.0%
Knight ×324 · Spearman ×185 · Trade Cart ×4 · Monk ×1 · Militia ×1
Match map
Initial resources + every placement click. Lines = walls · curves = elevation contours. ◆ gold · ⬟ stone · ● berries · ✦ relic · ◌ wall gap
Your base· ✓ Closed at 15:09 · 0t walls · 2 gate(s)
xLucky900's base· ✓ Closed at 16:51 · 43t walls · 3 gate(s)
Pr3mier's base· ✓ Closed at 15:24 · 0t walls · 3 gate(s)
ContingencyArgument's base· ✓ Closed at 23:40 · 4t walls · 3 gate(s)
PaLikaRi's base· ✓ Closed at 14:30 · 3t walls · 2 gate(s)
TheBlackMamba's base· ✓ Closed at 24:42 · 23t walls · 2 gate(s)
Karlak's base· ✓ Closed at 15:14 · 0t walls · 3 gate(s)
DD2E Antares de la Luz's base· ✓ Closed at 15:08 · 0t walls · 2 gate(s)
Smoothed initial terrain · ◌ = detected wall gap · hover for details
Inputs per minute
— [BÜN] Schmirgel - - xLucky900
Build order — [BÜN] Schmirgel
First 150 of 1351 actions detected
| 0:01 | Create | Villager (Male) |
| 0:01 | Create | Villager (Male) |
| 0:03 | Build | House |
| 0:04 | Build | House |
| 0:05 | Build | House |
| 0:09 | Create | Villager (Male) |
| 0:10 | Create | Villager (Male) |
| 0:10 | Create | Villager (Male) |
| 1:12 | Create | Villager (Male) |
| 1:49 | Build | House |
| 1:52 | Create | Villager (Male) |
| 1:52 | Create | Villager (Male) |
| 2:10 | Create | Villager (Male) |
| 2:11 | Create | Villager (Male) |
| 2:19 | Build | Lumber Camp |
| 2:47 | Create | Villager (Male) |
| 2:47 | Create | Villager (Male) |
| 3:11 | Create | Villager (Male) |
| 3:31 | Create | Villager (Male) |
| 3:31 | Create | Villager (Male) |
| 3:50 | Create | Villager (Male) |
| 3:58 | Build | Mill |
| 4:25 | Create | Villager (Male) |
| 4:51 | Create | Villager (Male) |
| 4:51 | Create | Villager (Male) |
| 4:51 | Create | Villager (Male) |
| 5:23 | Create | Villager (Male) |
| 5:23 | Create | Villager (Male) |
| 5:24 | Create | Villager (Male) |
| 5:24 | Create | Villager (Male) |
| 5:32 | Build | Lumber Camp |
| 5:38 | Build | Lumber Camp |
| 6:10 | Create | Villager (Male) |
| 6:23 | Create | Villager (Male) |
| 6:24 | Create | Villager (Male) |
| 6:30 | Create | Villager (Male) |
| 6:31 | Create | Villager (Male) |
| 6:47 | Create | Villager (Male) |
| 6:48 | Create | Villager (Male) |
| 6:48 | Create | Villager (Male) |
| 7:16 | Create | Villager (Male) |
| 7:16 | Create | Villager (Male) |
| 7:16 | Create | Villager (Male) |
| 7:48 | Build | House |
| 8:03 | Create | Villager (Male) |
| 8:03 | Create | Villager (Male) |
| 8:28 | Build | Mining Camp |
| 8:49 | Create | Villager (Male) |
| 8:50 | Research | Feudal Age |
| 9:35 | Build | Barracks |
| 10:01 | Build | Mill |
| 10:26 | Create | Villager (Male) |
| 11:24 | Age | Feudal Age |
| 11:28 | Build | Stable |
| 11:29 | Build | Blacksmith |
| 11:39 | Research | Loom |
| 12:29 | Research | Castle Age |
| 12:30 | Research | Castle Age |
| 12:34 | Research | Horse Collar |
| 12:58 | Build | Mill |
| 13:14 | Research | Double-Bit Axe |
| 13:29 | Build | Farm |
| 13:30 | Build | Farm |
| 13:34 | Build | Farm |
| 13:44 | Build | Farm |
| 13:48 | Build | Farm |
| 13:50 | Build | Farm |
| 13:53 | Create | Scout Cavalry |
| 13:58 | Create | Villager (Male) |
| 14:17 | Create | Scout Cavalry |
| 14:23 | Build | Farm |
| 14:40 | Create | Scout Cavalry |
| 15:09 | Age | Castle Age |
| 15:16 | Create | Villager (Male) |
| 15:18 | Build | Monastery |
| 15:23 | Research | Bow Saw |
| 15:32 | Research | Heavy Plow |
| 15:36 | Create | Villager (Male) |
| 15:36 | Create | Villager (Male) |
| 15:58 | Create | Villager (Male) |
| 16:00 | Build | House |
| 16:02 | Create | Monk |
| 16:14 | Create | Villager (Male) |
| 16:19 | Build | Town Center |
| 16:33 | Create | Villager (Male) |
| 16:35 | Build | House |
| 16:55 | Create | Villager (Male) |
| 17:16 | Build | Town Center |
| 17:22 | Create | Villager (Male) |
| 17:24 | Build | House |
| 17:27 | Build | Farm |
| 17:31 | Build | Farm |
| 17:41 | Create | Villager (Male) |
| 17:42 | Create | Villager (Male) |
| 17:46 | Build | Farm |
| 17:48 | Create | Villager (Male) |
| 18:06 | Create | Villager (Male) |
| 18:11 | Create | Villager (Male) |
| 18:13 | Create | Villager (Male) |
| 18:35 | Create | Villager (Male) |
| 18:40 | Build | Farm |
| 18:41 | Build | Farm |
| 18:50 | Build | Mining Camp |
| 18:53 | Create | Villager (Male) |
| 18:53 | Create | Villager (Male) |
| 19:05 | Create | Villager (Male) |
| 19:05 | Create | Villager (Male) |
| 19:08 | Build | Farm |
| 19:10 | Build | Farm |
| 19:13 | Build | Farm |
| 19:15 | Create | Monk |
| 19:29 | Research | Stone Mining |
| 19:35 | Research | Gold Mining |
| 19:36 | Research | Gold Mining |
| 19:37 | Create | Villager (Male) |
| 19:38 | Create | Villager (Male) |
| 19:38 | Create | Villager (Male) |
| 19:38 | Create | Villager (Male) |
| 19:41 | Create | Monk |
| 19:56 | Create | Villager (Male) |
| 19:56 | Create | Villager (Male) |
| 19:57 | Create | Villager (Male) |
| 19:57 | Create | Villager (Male) |
| 20:01 | Build | Farm |
| 20:13 | Build | House |
| 20:33 | Create | Villager (Male) |
| 20:34 | Create | Villager (Male) |
| 20:46 | Create | Villager (Male) |
| 20:47 | Create | Villager (Male) |
| 20:47 | Create | Villager (Male) |
| 20:47 | Create | Villager (Male) |
| 20:55 | Build | Mining Camp |
| 21:02 | Research | Wheelbarrow |
| 21:09 | Build | Farm |
| 21:10 | Build | Farm |
| 21:12 | Research | Stone Shaft Mining |
| 21:17 | Create | Villager (Male) |
| 21:17 | Create | Villager (Male) |
| 21:25 | Build | Farm |
| 21:30 | Build | House |
| 21:32 | Create | Villager (Male) |
| 21:46 | Build | Lumber Camp |
| 21:52 | Create | Villager (Male) |
| 21:52 | Create | Villager (Male) |
| 21:52 | Create | Villager (Male) |
| 22:05 | Create | Villager (Male) |
| 22:05 | Create | Villager (Male) |
| 22:09 | Build | Farm |
| 22:10 | Build | Farm |
| 22:11 | Build | Farm |
Build order — xLucky900
First 150 of 618 actions detected
| 0:02 | Create | Villager (Male) ×4 |
| 0:02 | Build | House |
| 0:03 | Build | House |
| 1:19 | Create | Villager (Male) |
| 1:50 | Build | Lumber Camp |
| 2:08 | Create | Villager (Male) |
| 2:26 | Create | Villager (Male) |
| 2:55 | Create | Villager (Male) |
| 3:20 | Create | Villager (Male) |
| 3:29 | Build | House |
| 3:39 | Build | House |
| 3:50 | Create | Villager (Male) |
| 3:51 | Create | Villager (Male) |
| 4:11 | Create | Villager (Male) |
| 4:45 | Build | Mill |
| 4:48 | Create | Villager (Male) |
| 5:17 | Create | Villager (Male) |
| 5:29 | Create | Villager (Male) |
| 5:41 | Create | Villager (Male) |
| 5:41 | Create | Villager (Male) |
| 5:49 | Build | House |
| 6:10 | Build | Farm |
| 6:11 | Create | Villager (Male) |
| 6:43 | Build | Farm |
| 7:05 | Create | Villager (Male) |
| 7:32 | Create | Villager (Male) |
| 7:50 | Build | Farm |
| 7:56 | Create | Villager (Male) |
| 8:02 | Research | Loom |
| 8:04 | Build | Mining Camp |
| 8:11 | Build | House |
| 8:35 | Build | House |
| 8:40 | Build | Palisade Wall |
| 8:46 | Build | Mining Camp |
| 8:49 | Create | Villager (Male) |
| 9:00 | Build | Palisade Wall |
| 9:10 | Research | Feudal Age |
| 9:21 | Build | Palisade Wall |
| 9:21 | Build | Palisade Wall |
| 9:23 | Build | House |
| 10:24 | Build | House |
| 10:43 | Build | House |
| 10:48 | Create | Villager (Male) |
| 10:50 | Build | House |
| 10:51 | Build | Palisade Wall |
| 10:53 | Build | Palisade Wall |
| 10:57 | Build | Palisade Wall |
| 11:02 | Build | Palisade Wall |
| 11:04 | Build | Palisade Wall |
| 11:04 | Build | Palisade Wall |
| 11:05 | Build | Palisade Wall |
| 11:05 | Build | Palisade Wall |
| 11:06 | Build | Palisade Wall |
| 11:24 | Create | Villager (Male) |
| 11:26 | Age | Feudal Age |
| 11:39 | Build | Watch Tower |
| 11:57 | Build | Stone Wall |
| 12:38 | Build | Market |
| 12:39 | Create | Villager (Male) |
| 12:55 | Create | Villager (Male) |
| 13:18 | Build | Blacksmith |
| 13:26 | Create | Villager (Male) |
| 13:52 | Build | Stone Wall |
| 13:57 | Create | Villager (Male) |
| 14:11 | Research | Castle Age |
| 14:11 | Research | Castle Age |
| 15:07 | Build | Stone Wall |
| 15:25 | Research | Double-Bit Axe |
| 15:25 | Research | Horse Collar |
| 15:26 | Research | Horse Collar |
| 16:51 | Age | Castle Age |
| 16:52 | Create | Villager (Male) |
| 16:54 | Build | Siege Workshop |
| 17:00 | Create | Villager (Male) |
| 17:25 | Build | House |
| 17:29 | Create | Mangonel |
| 17:31 | Create | Villager (Male) |
| 18:05 | Create | Villager (Male) |
| 18:16 | Build | Monastery |
| 18:40 | Create | Villager (Male) |
| 18:52 | Build | Farm |
| 19:00 | Create | Monk |
| 19:04 | Build | Farm |
| 19:44 | Build | Castle |
| 19:57 | Create | Monk |
| 20:04 | Build | Lumber Camp |
| 20:27 | Create | Villager (Male) |
| 20:46 | Build | Town Center |
| 21:14 | Create | Villager (Male) |
| 21:17 | Build | House |
| 21:30 | Create | Villager (Male) |
| 21:43 | Create | Villager (Male) |
| 21:48 | Build | Farm |
| 22:11 | Build | Farm |
| 22:12 | Create | Monk |
| 22:47 | Create | Villager (Male) |
| 22:53 | Build | Farm |
| 23:01 | Build | Town Center |
| 23:14 | Create | Villager (Male) |
| 23:16 | Build | Farm |
| 23:19 | Create | Villager (Male) |
| 23:26 | Create | Villager (Male) |
| 23:30 | Build | Farm |
| 23:52 | Create | Villager (Male) |
| 24:15 | Create | Villager (Male) |
| 24:15 | Create | Villager (Male) |
| 24:17 | Build | Farm |
| 24:27 | Create | Villager (Male) |
| 24:28 | Create | Villager (Male) |
| 24:35 | Create | Petard |
| 24:48 | Build | Farm |
| 25:02 | Create | Petard |
| 25:04 | Create | Villager (Male) |
| 25:21 | Create | Villager (Male) |
| 25:22 | Create | Villager (Male) |
| 25:27 | Build | House |
| 25:35 | Build | Mill |
| 25:36 | Create | Villager (Male) |
| 25:39 | Create | Villager (Male) |
| 25:52 | Create | Villager (Male) |
| 25:55 | Build | Farm |
| 25:56 | Build | Farm |
| 25:56 | Build | Farm |
| 26:04 | Create | Villager (Male) |
| 26:09 | Build | Farm |
| 26:15 | Create | Petard |
| 26:15 | Create | Petard |
| 26:28 | Create | Villager (Male) |
| 26:32 | Build | Stone Wall |
| 26:34 | Create | Villager (Male) |
| 26:51 | Create | Villager (Male) |
| 27:06 | Create | Villager (Male) |
| 27:10 | Create | Villager (Male) |
| 27:11 | Create | Monk |
| 27:22 | Build | Farm |
| 27:23 | Build | Farm |
| 27:24 | Build | Farm |
| 27:24 | Build | Farm |
| 27:26 | Build | Farm |
| 27:27 | Create | Villager (Male) |
| 27:32 | Create | Villager (Male) |
| 27:41 | Build | House |
| 27:42 | Create | Villager (Male) |
| 27:47 | Build | Farm |
| 27:49 | Build | Mining Camp |
| 27:53 | Research | Gold Mining |
| 27:53 | Research | Gold Mining |
| 27:54 | Create | Villager (Male) |
| 28:00 | Create | Monk |
| 28:17 | Create | Villager (Male) |
Build order — Pr3mier
First 150 of 667 actions detected
| 0:00 | Create | Villager (Male) |
| 0:01 | Create | Villager (Male) |
| 0:03 | Build | House |
| 0:04 | Build | House |
| 0:25 | Create | Villager (Male) |
| 0:37 | Create | Villager (Male) |
| 0:37 | Create | Villager (Male) |
| 1:27 | Create | Villager (Male) |
| 1:27 | Create | Villager (Male) |
| 1:52 | Build | Lumber Camp |
| 2:02 | Create | Villager (Male) |
| 2:24 | Create | Villager (Male) |
| 2:50 | Create | Villager (Male) |
| 3:15 | Create | Villager (Male) |
| 3:28 | Build | House |
| 3:29 | Build | House |
| 3:30 | Build | House |
| 3:43 | Create | Villager (Male) |
| 4:04 | Create | Villager (Male) |
| 4:24 | Research | Double-Bit Axe |
| 4:24 | Research | Double-Bit Axe |
| 4:30 | Build | House |
| 4:38 | Create | Villager (Male) |
| 5:04 | Create | Villager (Male) |
| 5:26 | Create | Villager (Male) |
| 5:41 | Create | Villager (Male) |
| 6:12 | Create | Villager (Male) |
| 6:25 | Build | Mill |
| 6:38 | Create | Villager (Male) |
| 6:51 | Create | Villager (Male) |
| 7:08 | Create | Villager (Male) |
| 7:24 | Build | Lumber Camp |
| 7:30 | Create | Villager (Male) |
| 7:46 | Create | Villager (Male) |
| 8:03 | Build | Farm |
| 8:04 | Build | Farm |
| 8:05 | Build | Farm |
| 8:28 | Create | Villager (Male) |
| 8:36 | Build | Farm |
| 8:56 | Build | Mining Camp |
| 9:00 | Research | Feudal Age |
| 9:06 | Create | Villager (Male) |
| 9:27 | Research | Feudal Age |
| 10:33 | Build | Farm |
| 11:34 | Create | Villager (Male) |
| 11:49 | Age | Feudal Age |
| 11:53 | Build | Market |
| 11:58 | Build | Blacksmith |
| 12:09 | Create | Villager (Male) |
| 12:32 | Research | Bow Saw |
| 12:43 | Build | House |
| 12:44 | Research | Castle Age |
| 13:06 | Research | Bow Saw |
| 13:07 | Research | Bow Saw |
| 13:16 | Build | House |
| 13:24 | Research | Horse Collar |
| 13:24 | Research | Horse Collar |
| 14:03 | Build | Farm |
| 14:18 | Create | Villager (Male) |
| 14:42 | Build | Farm |
| 15:24 | Age | Castle Age |
| 15:35 | Build | Town Center |
| 15:36 | Create | Villager (Male) |
| 15:40 | Build | Town Center |
| 16:02 | Build | Monastery |
| 16:06 | Create | Villager (Male) |
| 16:17 | Create | Villager (Male) |
| 16:18 | Build | Farm |
| 16:32 | Create | Villager (Male) |
| 16:39 | Create | Villager (Male) |
| 16:39 | Create | Villager (Male) |
| 16:43 | Create | Villager (Male) |
| 16:48 | Create | Villager (Male) |
| 16:48 | Create | Villager (Male) |
| 16:50 | Create | Monk |
| 16:52 | Create | Villager (Male) |
| 16:56 | Build | Farm |
| 16:57 | Build | Farm |
| 17:02 | Build | Farm |
| 17:03 | Create | Villager (Male) |
| 17:07 | Research | Wheelbarrow |
| 17:10 | Create | Villager (Male) |
| 17:12 | Build | Farm |
| 17:15 | Build | Farm |
| 17:24 | Create | Villager (Male) |
| 17:27 | Create | Monk |
| 17:33 | Build | Farm |
| 17:36 | Create | Villager (Male) |
| 17:36 | Create | Villager (Male) |
| 17:53 | Create | Villager (Male) |
| 17:55 | Build | Farm |
| 17:59 | Build | Farm |
| 17:59 | Build | Farm |
| 18:01 | Build | Farm |
| 18:02 | Create | Villager (Male) |
| 18:07 | Build | Farm |
| 18:08 | Build | Farm |
| 18:11 | Create | Villager (Male) |
| 18:14 | Build | Farm |
| 18:24 | Create | Villager (Male) |
| 18:25 | Create | Villager (Male) |
| 18:26 | Build | Farm |
| 18:35 | Build | Farm |
| 18:36 | Build | Farm |
| 18:37 | Create | Villager (Male) |
| 18:42 | Build | House |
| 18:42 | Build | House |
| 18:44 | Build | House |
| 18:44 | Build | House |
| 18:50 | Create | Villager (Male) |
| 19:10 | Create | Villager (Male) |
| 19:10 | Create | Villager (Male) |
| 19:14 | Build | Farm |
| 19:15 | Build | Farm |
| 19:19 | Create | Villager (Male) |
| 19:22 | Build | Farm |
| 19:24 | Build | Farm |
| 19:25 | Build | Farm |
| 19:26 | Build | Farm |
| 19:27 | Create | Villager (Male) |
| 19:42 | Create | Villager (Male) |
| 19:42 | Create | Villager (Male) |
| 19:47 | Build | Farm |
| 19:49 | Research | Heavy Plow |
| 19:52 | Create | Villager (Male) |
| 20:03 | Build | House |
| 20:05 | Build | House |
| 20:13 | Create | Villager (Male) |
| 20:17 | Build | Farm |
| 20:18 | Build | Farm |
| 20:23 | Research | Hand Cart |
| 20:23 | Research | Hand Cart |
| 20:24 | Create | Villager (Male) |
| 20:34 | Create | Villager (Male) |
| 20:39 | Create | Villager (Male) |
| 20:50 | Create | Villager (Male) |
| 20:55 | Build | Town Center |
| 20:58 | Create | Villager (Male) |
| 20:58 | Create | Villager (Male) |
| 21:02 | Build | Farm |
| 21:05 | Build | Farm |
| 21:10 | Create | Villager (Male) |
| 21:23 | Create | Villager (Male) |
| 21:25 | Build | House |
| 21:26 | Build | House |
| 21:28 | Build | House |
| 21:28 | Build | House |
| 21:32 | Create | Villager (Male) |
| 21:39 | Build | Farm |
| 21:43 | Build | Farm |
Build order — ContingencyArgument
First 150 of 641 actions detected
| 0:01 | Create | Villager (Male) ×4 |
| 0:03 | Build | House |
| 0:04 | Build | House |
| 1:32 | Create | Villager (Male) |
| 1:55 | Build | Lumber Camp |
| 2:00 | Create | Villager (Male) |
| 2:26 | Create | Villager (Male) |
| 3:12 | Create | Villager (Male) ×2 |
| 3:35 | Create | Villager (Male) |
| 3:42 | Build | House |
| 3:43 | Build | House |
| 4:02 | Create | Villager (Male) |
| 4:16 | Create | Villager (Male) |
| 4:50 | Create | Villager (Male) ×2 |
| 4:57 | Build | Mill |
| 5:26 | Create | Villager (Male) ×2 |
| 5:51 | Create | Villager (Male) |
| 5:51 | Create | Villager (Male) |
| 5:56 | Create | Villager (Male) |
| 6:42 | Build | House |
| 7:30 | Build | House |
| 7:44 | Research | Feudal Age |
| 8:10 | Build | Mining Camp |
| 8:18 | Build | Farm |
| 8:26 | Research | Loom |
| 9:38 | Create | Villager (Male) |
| 9:38 | Create | Villager (Male) |
| 9:54 | Build | House |
| 9:58 | Age | Feudal Age |
| 10:04 | Build | Blacksmith |
| 10:04 | Create | Villager (Male) |
| 10:25 | Build | Town Center |
| 10:31 | Create | Villager (Male) |
| 10:34 | Build | Palisade Wall |
| 10:35 | Build | Palisade Wall |
| 10:36 | Build | Palisade Wall |
| 10:41 | Build | Palisade Wall |
| 10:49 | Build | Blacksmith |
| 10:53 | Create | Villager (Male) |
| 10:58 | Research | Double-Bit Axe |
| 10:59 | Research | Horse Collar |
| 11:00 | Create | Villager (Male) |
| 11:08 | Create | Villager (Male) |
| 11:23 | Create | Villager (Male) |
| 11:46 | Create | Villager (Male) |
| 12:18 | Build | Siege Workshop |
| 12:45 | Build | House |
| 12:45 | Create | Villager (Male) |
| 12:55 | Create | Villager (Male) |
| 12:59 | Create | Villager (Male) ×3 |
| 13:20 | Build | Barracks |
| 13:24 | Build | House |
| 13:39 | Create | Battering Ram |
| 13:41 | Create | Battering Ram |
| 13:41 | Create | Battering Ram |
| 13:46 | Build | House |
| 13:53 | Create | Villager (Male) |
| 13:56 | Build | House |
| 14:04 | Create | Villager (Male) |
| 14:11 | Create | Battering Ram |
| 14:20 | Build | House |
| 14:22 | Create | Villager (Male) |
| 14:31 | Build | Farm |
| 14:40 | Build | Farm |
| 14:51 | Create | Villager (Male) ×2 |
| 14:57 | Build | Barracks |
| 15:07 | Create | Villager (Male) |
| 15:12 | Build | Farm |
| 15:42 | Build | House |
| 15:46 | Build | Farm |
| 15:47 | Build | Farm |
| 15:52 | Build | Farm |
| 15:53 | Build | Farm |
| 15:57 | Create | Militia |
| 15:58 | Create | Militia ×4 |
| 16:45 | Create | Villager (Male) |
| 16:47 | Build | Farm |
| 16:47 | Build | Farm |
| 16:47 | Build | Farm |
| 16:47 | Build | Farm |
| 16:47 | Build | Farm |
| 16:48 | Build | Farm |
| 16:51 | Build | Farm |
| 16:51 | Build | Farm |
| 16:52 | Build | Farm |
| 16:52 | Build | Farm |
| 16:52 | Build | Farm |
| 17:14 | Create | Villager (Male) |
| 17:15 | Create | Villager (Male) |
| 17:15 | Create | Villager (Male) |
| 17:15 | Create | Villager (Male) |
| 17:21 | Build | Farm |
| 17:23 | Build | Farm |
| 17:23 | Create | Villager (Male) |
| 18:02 | Create | Villager (Male) |
| 18:04 | Create | Villager (Male) |
| 18:04 | Create | Villager (Male) |
| 18:08 | Build | Mill |
| 18:09 | Build | Farm |
| 18:09 | Build | Farm |
| 18:09 | Build | Farm |
| 18:09 | Build | Farm |
| 18:10 | Build | Farm |
| 18:10 | Build | Farm |
| 18:10 | Build | Farm |
| 18:45 | Create | Villager (Male) |
| 18:50 | Build | Market |
| 18:57 | Build | Mining Camp |
| 19:07 | Build | Farm |
| 19:08 | Build | Farm |
| 19:22 | Create | Villager (Male) |
| 19:22 | Create | Villager (Male) |
| 19:22 | Create | Villager (Male) |
| 19:23 | Create | Villager (Male) |
| 19:23 | Create | Villager (Male) |
| 19:58 | Build | Lumber Camp |
| 20:14 | Create | Villager (Male) |
| 20:15 | Create | Villager (Male) |
| 20:21 | Build | Farm |
| 20:47 | Build | Stable |
| 20:50 | Build | Stable |
| 20:58 | Build | Stable |
| 21:00 | Research | Castle Age |
| 21:19 | Build | Stable |
| 21:24 | Build | House |
| 21:26 | Build | House |
| 21:30 | Research | Gold Mining |
| 21:57 | Create | Villager (Male) |
| 21:58 | Create | Villager (Male) |
| 22:04 | Research | Bloodlines |
| 22:05 | Research | Scale Barding Armor |
| 22:13 | Build | Farm |
| 22:14 | Build | Farm |
| 22:15 | Build | Farm |
| 22:19 | Build | House |
| 22:24 | Research | Forging |
| 23:02 | Create | Villager (Male) |
| 23:05 | Research | Wheelbarrow |
| 23:09 | Build | House |
| 23:39 | Build | House |
| 23:40 | Age | Castle Age |
| 23:42 | Create | Knight ×5 |
| 23:44 | Research | Chain Barding Armor |
| 23:49 | Build | Town Center |
| 23:56 | Build | Town Center |
| 24:03 | Build | House |
| 24:06 | Create | Knight ×2 |
| 24:11 | Create | Villager (Male) ×2 |
| 24:37 | Build | Siege Workshop |
| 24:49 | Build | House |
Build order — PaLikaRi
First 150 of 1028 actions detected
| 0:02 | Create | Villager (Male) |
| 0:02 | Create | Villager (Male) |
| 0:04 | Build | House |
| 0:06 | Build | House |
| 0:12 | Create | Villager (Male) |
| 0:12 | Create | Villager (Male) |
| 0:12 | Create | Villager (Male) |
| 1:25 | Build | Lumber Camp |
| 1:26 | Create | Villager (Male) |
| 1:26 | Create | Villager (Male) |
| 1:27 | Create | Villager (Male) |
| 1:53 | Create | Villager (Male) |
| 2:03 | Build | House |
| 2:07 | Build | House |
| 2:10 | Create | Villager (Male) |
| 2:10 | Create | Villager (Male) |
| 2:10 | Create | Villager (Male) |
| 2:37 | Create | Villager (Male) |
| 2:38 | Create | Villager (Male) |
| 2:59 | Create | Villager (Male) |
| 3:30 | Create | Villager (Male) |
| 3:39 | Create | Villager (Male) |
| 4:14 | Create | Villager (Male) |
| 4:14 | Create | Villager (Male) |
| 4:42 | Create | Villager (Male) |
| 5:03 | Create | Villager (Male) |
| 5:03 | Create | Villager (Male) |
| 5:12 | Create | Villager (Male) |
| 5:32 | Build | Mill |
| 5:53 | Create | Villager (Male) |
| 6:15 | Create | Villager (Male) |
| 6:51 | Create | Villager (Male) |
| 7:20 | Create | Villager (Male) |
| 7:25 | Create | Villager (Male) |
| 8:01 | Build | Mining Camp |
| 8:40 | Research | Feudal Age |
| 8:40 | Create | Villager (Male) |
| 8:41 | Create | Villager (Male) |
| 9:18 | Build | Barracks |
| 9:21 | Build | House |
| 10:57 | Age | Feudal Age |
| 11:01 | Build | Archery Range |
| 11:03 | Build | Blacksmith |
| 11:25 | Build | House |
| 11:44 | Create | Archer |
| 11:45 | Create | Archer |
| 11:50 | Research | Castle Age |
| 11:54 | Create | Archer |
| 12:15 | Build | Outpost |
| 12:22 | Create | Archer |
| 12:24 | Research | Double-Bit Axe |
| 12:36 | Build | Farm |
| 12:39 | Build | Farm |
| 12:42 | Create | Archer |
| 12:47 | Research | Horse Collar |
| 12:59 | Build | House |
| 13:00 | Build | Palisade Wall |
| 13:10 | Create | Archer |
| 13:16 | Build | Farm |
| 13:24 | Build | Farm |
| 13:34 | Research | Fletching |
| 13:44 | Build | Farm |
| 13:53 | Build | Farm |
| 14:03 | Build | Palisade Wall |
| 14:06 | Build | Palisade Wall |
| 14:09 | Build | House |
| 14:15 | Create | Archer |
| 14:19 | Build | Farm |
| 14:29 | Build | Farm |
| 14:30 | Age | Castle Age |
| 14:33 | Create | Villager (Male) |
| 14:51 | Create | Archer |
| 15:02 | Build | House |
| 15:04 | Create | Villager (Male) |
| 15:14 | Create | Villager (Male) |
| 15:25 | Create | Archer |
| 15:40 | Create | Villager (Male) |
| 15:45 | Build | Farm |
| 15:51 | Build | Farm |
| 15:52 | Build | Farm |
| 15:53 | Create | Villager (Male) |
| 15:59 | Create | Archer |
| 16:16 | Build | Town Center |
| 16:29 | Build | Farm |
| 16:39 | Create | Archer |
| 16:39 | Create | Villager (Male) |
| 16:55 | Build | Farm |
| 17:03 | Research | Bow Saw |
| 17:29 | Build | Mining Camp |
| 17:30 | Create | Villager (Male) |
| 17:54 | Build | House |
| 17:58 | Research | Crossbowman (upgrade) |
| 18:02 | Create | Villager (Male) |
| 18:04 | Research | Loom |
| 18:22 | Create | Villager (Male) |
| 18:32 | Build | Siege Workshop |
| 18:34 | Create | Villager (Male) |
| 18:35 | Create | Villager (Male) |
| 18:59 | Create | Villager (Male) |
| 18:59 | Create | Villager (Male) |
| 19:06 | Create | Villager (Male) |
| 19:07 | Create | Villager (Male) |
| 19:13 | Build | House |
| 19:14 | Build | House |
| 19:27 | Research | Stone Mining |
| 19:37 | Create | Unit 1105 |
| 19:52 | Build | Farm |
| 19:55 | Build | Farm |
| 19:55 | Create | Villager (Male) |
| 19:56 | Create | Villager (Male) |
| 19:56 | Create | Villager (Male) |
| 20:15 | Create | Villager (Male) |
| 20:23 | Build | Outpost |
| 20:26 | Research | Town Watch |
| 20:30 | Create | Villager (Male) |
| 20:53 | Build | Farm |
| 20:58 | Build | Farm |
| 21:08 | Research | Bodkin Arrow |
| 21:54 | Create | Villager (Male) |
| 21:54 | Create | Villager (Male) |
| 22:01 | Create | Villager (Male) |
| 22:02 | Create | Villager (Male) |
| 22:02 | Create | Villager (Male) |
| 22:19 | Create | Mangonel |
| 22:32 | Build | Castle |
| 22:49 | Create | Villager (Male) |
| 22:49 | Create | Villager (Male) |
| 23:16 | Build | Stone Wall |
| 23:23 | Create | Archer |
| 23:23 | Create | Archer |
| 23:28 | Build | Farm |
| 23:55 | Create | Villager (Male) |
| 23:55 | Create | Villager (Male) |
| 23:56 | Create | Villager (Male) |
| 24:03 | Create | Villager (Male) |
| 24:08 | Create | Longbowman |
| 24:09 | Create | Longbowman |
| 24:18 | Create | Villager (Male) |
| 24:18 | Create | Villager (Male) |
| 24:18 | Create | Villager (Male) |
| 24:33 | Build | University |
| 24:45 | Research | Padded Archer Armor |
| 24:47 | Create | Longbowman |
| 24:48 | Create | Archer |
| 24:49 | Create | Villager (Male) |
| 24:49 | Create | Villager (Male) |
| 24:49 | Create | Villager (Male) |
| 25:12 | Create | Villager (Male) |
| 25:13 | Create | Villager (Male) |
| 25:13 | Create | Villager (Male) |
Build order — TheBlackMamba
First 150 of 322 actions detected
| 0:00 | Create | Villager (Male) |
| 0:01 | Create | Villager (Male) |
| 0:01 | Create | Villager (Male) |
| 0:03 | Build | House |
| 0:05 | Build | House |
| 0:29 | Create | Villager (Male) |
| 0:29 | Create | Villager (Male) |
| 1:29 | Create | Villager (Male) |
| 1:29 | Create | Villager (Male) |
| 1:29 | Create | Villager (Male) |
| 2:05 | Create | Villager (Male) |
| 2:05 | Create | Villager (Male) |
| 2:26 | Create | Villager (Male) |
| 2:26 | Create | Villager (Male) |
| 2:37 | Build | Settlement |
| 2:43 | Create | Villager (Male) |
| 2:43 | Create | Villager (Male) |
| 3:17 | Create | Villager (Male) |
| 3:17 | Create | Villager (Male) |
| 4:07 | Create | Villager (Male) |
| 4:09 | Create | Villager (Male) |
| 4:23 | Create | Villager (Male) |
| 4:23 | Create | Villager (Male) |
| 4:38 | Research | Loom |
| 5:23 | Build | Settlement |
| 5:57 | Research | Feudal Age |
| 5:58 | Research | Feudal Age |
| 7:44 | Create | Villager (Male) |
| 8:07 | Age | Feudal Age |
| 8:12 | Build | Watch Tower |
| 8:15 | Create | Villager (Male) |
| 8:32 | Build | Blacksmith |
| 9:07 | Research | Fletching |
| 9:08 | Create | Villager (Male) |
| 9:09 | Create | Villager (Male) |
| 9:21 | Create | Villager (Male) |
| 9:49 | Create | Villager (Male) |
| 9:50 | Create | Villager (Male) |
| 9:50 | Create | Villager (Male) |
| 10:40 | Create | Villager (Male) |
| 10:40 | Create | Villager (Male) |
| 10:49 | Build | Watch Tower |
| 10:55 | Create | Villager (Male) |
| 11:42 | Create | Villager (Male) |
| 12:01 | Build | Watch Tower |
| 12:07 | Create | Villager (Male) |
| 12:07 | Create | Villager (Male) |
| 13:04 | Create | Villager (Male) |
| 13:09 | Build | Settlement |
| 13:55 | Create | Villager (Male) |
| 14:23 | Build | Farm |
| 15:01 | Build | Watch Tower |
| 15:09 | Create | Villager (Male) |
| 15:17 | Build | Stone Wall |
| 15:19 | Build | Stone Wall |
| 15:20 | Create | Villager (Male) |
| 15:28 | Create | Villager (Male) |
| 15:33 | Build | Farm |
| 15:34 | Build | Farm |
| 16:05 | Build | Watch Tower |
| 16:22 | Create | Villager (Male) |
| 16:22 | Create | Villager (Male) |
| 16:41 | Create | Villager (Male) |
| 16:41 | Create | Villager (Male) |
| 16:47 | Create | Villager (Male) |
| 16:54 | Create | Villager (Male) |
| 17:12 | Build | Watch Tower |
| 17:14 | Create | Villager (Male) |
| 17:16 | Build | Farm |
| 17:19 | Build | Farm |
| 17:42 | Build | Settlement |
| 18:29 | Create | Villager (Male) |
| 19:08 | Build | Farm |
| 19:08 | Build | Farm |
| 19:08 | Build | Farm |
| 19:09 | Build | Farm |
| 19:09 | Build | Farm |
| 19:34 | Build | House |
| 19:38 | Create | Villager (Male) |
| 19:48 | Build | Farm |
| 19:49 | Build | Farm |
| 20:43 | Create | Villager (Male) |
| 20:49 | Build | House |
| 21:06 | Build | Market |
| 21:13 | Create | Villager (Male) |
| 22:02 | Research | Castle Age |
| 22:30 | Create | Villager (Male) |
| 22:31 | Create | Villager (Male) |
| 22:51 | Create | Villager (Male) |
| 23:14 | Build | House |
| 24:08 | Build | House |
| 24:27 | Research | Double-Bit Axe |
| 24:27 | Research | Horse Collar |
| 24:42 | Age | Castle Age |
| 24:43 | Build | Siege Workshop |
| 24:58 | Create | Villager (Male) |
| 25:10 | Build | Castle |
| 25:12 | Create | Mangonel |
| 25:53 | Build | Gate |
| 26:41 | Create | Unit 2579 |
| 26:41 | Create | Unit 2579 |
| 26:41 | Create | Unit 2579 |
| 26:44 | Build | House |
| 27:18 | Create | Villager (Male) |
| 27:22 | Create | Unit 2579 |
| 27:22 | Create | Unit 2579 |
| 27:47 | Build | Stone Wall |
| 27:54 | Create | Unit 2579 |
| 27:59 | Build | House |
| 28:00 | Create | Villager (Male) |
| 28:06 | Research | Imperial Age |
| 28:06 | Research | Imperial Age |
| 28:10 | Create | Unit 2579 |
| 28:11 | Create | Unit 2579 |
| 28:25 | Create | Villager (Male) |
| 28:26 | Create | Villager (Male) |
| 28:38 | Create | Unit 2579 |
| 28:38 | Create | Unit 2579 |
| 28:48 | Research | Padded Archer Armor |
| 28:55 | Create | Unit 2579 |
| 29:21 | Create | Unit 2579 |
| 29:42 | Research | Bodkin Arrow |
| 29:58 | Build | Settlement |
| 30:06 | Create | Villager (Male) |
| 30:06 | Create | Villager (Male) |
| 30:09 | Create | Unit 2579 |
| 30:09 | Create | Unit 2579 |
| 30:19 | Create | Villager (Male) |
| 30:19 | Create | Villager (Male) |
| 30:46 | Create | Unit 2579 |
| 30:46 | Create | Unit 2579 |
| 31:16 | Research | Leather Archer Armor |
| 31:20 | Build | Farm |
| 31:23 | Create | Villager (Male) |
| 31:28 | Create | Unit 2579 |
| 31:35 | Age | Imperial Age |
| 32:02 | Build | University |
| 32:36 | Research | Bracer |
| 33:10 | Create | Villager (Male) |
| 33:11 | Create | Villager (Male) |
| 33:27 | Build | Castle |
| 33:32 | Create | Unit 2579 ×3 |
| 33:35 | Create | Villager (Male) |
| 33:45 | Create | Villager (Male) |
| 34:10 | Research | Ballistics |
| 34:10 | Research | Ballistics |
| 34:38 | Create | Villager (Male) |
| 34:38 | Create | Villager (Male) |
| 34:39 | Create | Villager (Male) |
| 34:48 | Create | Unit 2579 |
Build order — Karlak
First 150 of 506 actions detected
| 0:01 | Create | Villager (Male) |
| 0:02 | Create | Villager (Male) |
| 0:02 | Create | Villager (Male) |
| 0:02 | Create | Villager (Male) |
| 0:02 | Create | Villager (Male) |
| 0:04 | Build | House |
| 0:06 | Build | House |
| 1:44 | Create | Villager (Male) |
| 1:44 | Create | Villager (Male) |
| 1:44 | Create | Villager (Male) |
| 1:59 | Build | Lumber Camp |
| 2:22 | Create | Villager (Male) |
| 2:22 | Create | Villager (Male) |
| 2:50 | Create | Villager (Male) |
| 2:51 | Create | Villager (Male) |
| 2:51 | Create | Villager (Male) |
| 3:21 | Create | Villager (Male) |
| 3:21 | Create | Villager (Male) |
| 3:56 | Build | Mill |
| 4:17 | Create | Villager (Male) |
| 4:17 | Create | Villager (Male) |
| 4:33 | Create | Villager (Male) |
| 4:33 | Create | Villager (Male) |
| 4:51 | Build | House |
| 6:19 | Create | Villager (Male) |
| 6:27 | Create | Villager (Male) |
| 6:28 | Create | Villager (Male) |
| 6:37 | Create | Villager (Male) |
| 6:44 | Build | House |
| 6:52 | Create | Villager (Male) |
| 7:14 | Create | Villager (Male) |
| 7:47 | Build | Mining Camp |
| 7:48 | Create | Villager (Male) |
| 8:52 | Create | Villager (Male) |
| 9:10 | Research | Feudal Age |
| 9:30 | Create | Villager (Male) |
| 9:31 | Create | Villager (Male) |
| 9:38 | Build | Mining Camp |
| 11:03 | Build | Farm |
| 11:17 | Build | Farm |
| 11:27 | Age | Feudal Age |
| 11:35 | Build | Market |
| 11:41 | Build | Blacksmith |
| 12:09 | Research | Loom |
| 12:32 | Research | Castle Age |
| 12:33 | Research | Castle Age |
| 12:39 | Research | Double-Bit Axe |
| 12:48 | Build | Farm |
| 12:50 | Build | Farm |
| 13:20 | Research | Horse Collar |
| 13:46 | Build | House |
| 14:03 | Create | Villager (Male) |
| 14:03 | Create | Villager (Male) |
| 14:21 | Research | Gold Mining |
| 14:47 | Build | House |
| 15:14 | Age | Castle Age |
| 15:30 | Build | Castle |
| 15:38 | Research | Bow Saw |
| 15:48 | Create | Villager (Male) |
| 15:54 | Build | Farm |
| 16:10 | Build | House |
| 16:21 | Create | Villager (Male) |
| 16:43 | Build | Farm |
| 16:57 | Build | Farm |
| 17:07 | Build | House |
| 17:15 | Create | Villager (Male) |
| 17:16 | Create | Villager (Male) |
| 17:29 | Build | Farm |
| 17:31 | Build | Farm |
| 17:33 | Build | Farm |
| 17:34 | Build | Farm |
| 17:43 | Create | Janissary |
| 17:53 | Create | Villager (Male) |
| 18:22 | Build | Siege Workshop |
| 18:30 | Create | Janissary |
| 18:30 | Create | Janissary |
| 18:36 | Build | Farm |
| 18:42 | Build | Farm |
| 18:52 | Create | Villager (Male) |
| 19:01 | Build | Farm |
| 19:19 | Create | Janissary |
| 19:24 | Create | Villager (Male) |
| 19:42 | Build | Farm |
| 19:44 | Create | Villager (Male) |
| 19:49 | Create | Villager (Male) |
| 19:58 | Create | Battering Ram |
| 20:15 | Build | House |
| 20:18 | Create | Janissary |
| 20:20 | Create | Janissary |
| 20:49 | Create | Janissary |
| 20:59 | Create | Mangonel |
| 21:15 | Create | Villager (Male) |
| 21:15 | Create | Villager (Male) |
| 21:15 | Create | Villager (Male) |
| 21:16 | Create | Villager (Male) |
| 21:36 | Create | Janissary |
| 21:36 | Create | Janissary |
| 22:14 | Create | Villager (Male) |
| 22:14 | Create | Villager (Male) |
| 22:37 | Research | Padded Archer Armor |
| 22:37 | Create | Villager (Male) |
| 22:38 | Create | Villager (Male) |
| 22:38 | Create | Villager (Male) |
| 23:36 | Create | Villager (Male) |
| 23:36 | Create | Villager (Male) |
| 23:38 | Create | Janissary |
| 23:38 | Create | Janissary |
| 23:39 | Create | Janissary |
| 23:39 | Create | Janissary |
| 23:51 | Create | Villager (Male) |
| 23:51 | Create | Villager (Male) |
| 23:55 | Build | Mill |
| 23:56 | Build | Farm |
| 23:56 | Build | Farm |
| 23:56 | Build | Farm |
| 23:57 | Build | Farm |
| 23:57 | Build | Farm |
| 23:57 | Build | Farm |
| 23:59 | Build | Farm |
| 24:29 | Create | Villager (Male) |
| 24:29 | Create | Villager (Male) |
| 25:19 | Create | Villager (Male) |
| 25:19 | Create | Villager (Male) |
| 26:06 | Create | Villager (Male) |
| 26:07 | Create | Villager (Male) |
| 26:36 | Build | House |
| 26:49 | Build | Mill |
| 26:50 | Build | Farm |
| 26:50 | Build | Farm |
| 26:51 | Build | Farm |
| 26:51 | Build | Farm |
| 26:51 | Build | Farm |
| 26:52 | Build | Farm |
| 27:15 | Research | Imperial Age |
| 27:19 | Research | Heavy Plow |
| 28:00 | Research | Leather Archer Armor |
| 28:03 | Create | Janissary |
| 28:03 | Create | Janissary |
| 28:11 | Create | Mangonel |
| 28:14 | Create | Villager (Male) |
| 28:19 | Create | Villager (Male) |
| 28:32 | Research | Fletching |
| 28:53 | Create | Villager (Male) |
| 29:06 | Create | Villager (Male) |
| 29:12 | Build | Lumber Camp |
| 29:19 | Research | Gold Shaft Mining |
| 29:40 | Create | Janissary |
| 29:41 | Create | Janissary |
| 29:43 | Create | Janissary |
| 29:57 | Create | Villager (Male) |
Build order — DD2E Antares de la Luz
First 150 of 632 actions detected
| 0:02 | Create | Villager (Male) |
| 0:02 | Create | Villager (Male) |
| 0:02 | Create | Villager (Male) |
| 0:02 | Create | Villager (Male) |
| 0:03 | Create | Villager (Male) |
| 0:03 | Create | Villager (Male) |
| 0:06 | Build | House |
| 0:08 | Build | House |
| 1:34 | Create | Villager (Male) |
| 1:35 | Create | Villager (Male) |
| 1:50 | Build | Lumber Camp |
| 2:09 | Create | Villager (Male) |
| 2:09 | Create | Villager (Male) |
| 2:10 | Create | Villager (Male) |
| 2:34 | Create | Villager (Male) |
| 2:34 | Create | Villager (Male) |
| 2:34 | Create | Villager (Male) |
| 2:52 | Create | Villager (Male) |
| 2:52 | Create | Villager (Male) |
| 3:06 | Build | House |
| 3:07 | Build | House |
| 3:11 | Create | Villager (Male) |
| 3:11 | Create | Villager (Male) |
| 3:12 | Create | Villager (Male) |
| 3:46 | Create | Villager (Male) |
| 3:47 | Create | Villager (Male) |
| 3:59 | Build | House |
| 4:01 | Build | House |
| 4:19 | Create | Villager (Male) |
| 4:19 | Create | Villager (Male) |
| 4:19 | Create | Villager (Male) |
| 4:38 | Create | Villager (Male) |
| 4:38 | Create | Villager (Male) |
| 5:16 | Create | Villager (Male) |
| 5:16 | Create | Villager (Male) |
| 5:19 | Build | Mill |
| 5:48 | Create | Villager (Male) |
| 5:48 | Create | Villager (Male) |
| 6:30 | Create | Villager (Male) |
| 6:30 | Create | Villager (Male) |
| 6:58 | Create | Villager (Male) |
| 6:58 | Create | Villager (Male) |
| 7:37 | Create | Villager (Male) |
| 7:43 | Create | Villager (Male) |
| 7:43 | Create | Villager (Male) |
| 8:09 | Build | Mining Camp |
| 9:21 | Research | Feudal Age |
| 9:38 | Build | Barracks |
| 10:43 | Build | Farm |
| 11:31 | Age | Feudal Age |
| 11:33 | Build | Blacksmith |
| 11:37 | Build | Stable |
| 11:50 | Create | Villager (Male) |
| 11:57 | Build | Farm |
| 12:18 | Build | House |
| 12:24 | Build | Farm |
| 12:28 | Research | Castle Age |
| 13:22 | Research | Double-Bit Axe |
| 13:25 | Research | Horse Collar |
| 13:38 | Build | Farm |
| 13:43 | Build | Farm |
| 13:49 | Build | Farm |
| 14:39 | Build | House |
| 14:40 | Build | House |
| 15:08 | Age | Castle Age |
| 15:10 | Create | Knight |
| 15:12 | Research | Bow Saw |
| 15:14 | Create | Villager (Male) |
| 15:18 | Build | Farm |
| 15:18 | Build | Farm |
| 15:19 | Build | Farm |
| 15:27 | Build | Town Center |
| 15:34 | Create | Villager (Male) |
| 15:42 | Build | Farm |
| 15:46 | Create | Knight |
| 15:46 | Create | Knight |
| 16:11 | Build | Farm |
| 16:13 | Create | Knight |
| 16:34 | Create | Knight |
| 16:44 | Build | Stable |
| 16:50 | Create | Knight |
| 17:06 | Create | Villager (Male) |
| 17:18 | Create | Knight |
| 17:40 | Create | Villager (Male) |
| 18:50 | Build | Monastery |
| 18:59 | Create | Knight |
| 19:00 | Create | Knight |
| 19:00 | Create | Knight |
| 19:03 | Build | Farm |
| 19:05 | Create | Villager (Male) |
| 19:05 | Create | Villager (Male) |
| 19:06 | Create | Villager (Male) |
| 19:11 | Create | Villager (Male) |
| 19:11 | Create | Villager (Male) |
| 20:22 | Build | Mill |
| 20:23 | Build | Farm |
| 20:23 | Build | Farm |
| 20:27 | Create | Monk |
| 20:31 | Build | House |
| 20:34 | Create | Villager (Male) |
| 20:34 | Create | Villager (Male) |
| 20:35 | Create | Villager (Male) |
| 20:35 | Create | Villager (Male) |
| 20:37 | Create | Knight |
| 20:37 | Create | Knight |
| 20:37 | Create | Knight |
| 20:37 | Create | Knight |
| 21:02 | Research | Scale Barding Armor |
| 21:02 | Research | Scale Barding Armor |
| 21:43 | Build | Farm |
| 21:44 | Build | Farm |
| 21:45 | Create | Knight |
| 21:45 | Create | Knight |
| 21:49 | Build | House |
| 21:49 | Build | House |
| 21:50 | Build | House |
| 21:57 | Create | Villager (Male) |
| 21:57 | Create | Villager (Male) |
| 22:46 | Build | Farm |
| 22:50 | Research | Heavy Plow |
| 22:51 | Create | Villager (Male) |
| 22:52 | Create | Villager (Male) |
| 22:57 | Build | Farm |
| 23:47 | Build | Town Center |
| 24:13 | Build | Farm |
| 24:16 | Build | Farm |
| 24:20 | Research | Chain Barding Armor |
| 24:22 | Research | Forging |
| 24:24 | Create | Knight |
| 24:24 | Create | Knight |
| 24:24 | Create | Knight |
| 24:24 | Create | Knight |
| 25:21 | Create | Knight |
| 25:22 | Create | Knight |
| 25:22 | Create | Knight |
| 25:27 | Research | Bloodlines |
| 25:30 | Create | Villager (Male) |
| 25:30 | Create | Villager (Male) |
| 25:30 | Create | Villager (Male) |
| 25:41 | Create | Villager (Male) |
| 25:41 | Create | Villager (Male) |
| 25:41 | Create | Villager (Male) |
| 25:48 | Build | Market |
| 25:52 | Build | Lumber Camp |
| 26:32 | Build | Farm |
| 26:32 | Create | Knight |
| 26:32 | Create | Knight |
| 26:32 | Create | Knight |
| 26:33 | Create | Knight |
| 27:22 | Create | Knight |
Match timeline
| 8:07 | TheBlackMamba · age_up feudal |
| 8:40 | xLucky900 · wall_segment Palisade Wall x4 |
| 9:00 | xLucky900 · wall_segment Palisade Wall x15 |
| 9:18 | PaLikaRi · first_building Barracks |
| 9:21 | xLucky900 · wall_segment Palisade Wall x3 |
| 9:21 | xLucky900 · wall_segment Palisade Wall x1 |
| 9:35 | [BÜN] Schmirgel · first_building Barracks |
| 9:38 | DD2E Antares de la Luz · first_building Barracks |
| 9:58 | ContingencyArgument · age_up feudal |
| 10:34 | ContingencyArgument · wall_segment Palisade Wall x1 |
| 10:35 | ContingencyArgument · wall_segment Palisade Wall x1 |
| 10:36 | ContingencyArgument · wall_segment Palisade Wall x1 |
| 10:41 | ContingencyArgument · wall_segment Palisade Wall x1 |
| 10:51 | xLucky900 · wall_segment Palisade Wall x1 |
| 10:53 | xLucky900 · wall_segment Palisade Wall x1 |
| 10:57 | PaLikaRi · age_up feudal |
| 10:57 | xLucky900 · wall_segment Palisade Wall x5 |
| 11:01 | PaLikaRi · first_building Archery Range |
| 11:02 | xLucky900 · wall_segment Palisade Wall x1 |
| 11:04 | xLucky900 · wall_segment Palisade Wall x1 |
| 11:04 | xLucky900 · wall_segment Palisade Wall x1 |
| 11:05 | xLucky900 · wall_segment Palisade Wall x1 |
| 11:05 | xLucky900 · wall_segment Palisade Wall x3 |
| 11:06 | xLucky900 · wall_segment Palisade Wall x1 |
| 11:24 | [BÜN] Schmirgel · age_up feudal |
| 11:26 | xLucky900 · age_up feudal |
| 11:27 | Karlak · age_up feudal |
| 11:28 | [BÜN] Schmirgel · first_building Stable |
| 11:31 | DD2E Antares de la Luz · age_up feudal |
| 11:37 | DD2E Antares de la Luz · first_building Stable |
| 11:49 | Pr3mier · age_up feudal |
| 11:57 | xLucky900 · wall_segment Stone Wall x1 |
| 12:18 | ContingencyArgument · first_building Siege Workshop |
| 12:54 | Pr3mier · first_market_sell 500 wood |
| 12:56 | Pr3mier · first_market_buy 100 food |
| 13:00 | PaLikaRi · wall_segment Palisade Wall x1 |
| 13:20 | ContingencyArgument · first_building Barracks |
| 13:52 | xLucky900 · wall_segment Stone Wall x6 |
| 14:02 | xLucky900 · first_market_buy 100 food |
| 14:03 | PaLikaRi · wall_segment Palisade Wall x1 |
| 14:04 | xLucky900 · first_market_sell 100 wood |
| 14:06 | PaLikaRi · wall_segment Palisade Wall x1 |
| 14:30 | PaLikaRi · age_up castle |
| 15:07 | xLucky900 · wall_segment Stone Wall x6 |
| 15:08 | DD2E Antares de la Luz · age_up castle |
| 15:09 | [BÜN] Schmirgel · age_up castle |
| 15:14 | Karlak · age_up castle |
| 15:17 | TheBlackMamba · wall_segment Stone Wall x9 |
| 15:18 | [BÜN] Schmirgel · first_building Monastery |
| 15:19 | TheBlackMamba · wall_segment Stone Wall x14 |
| 15:24 | Pr3mier · age_up castle |
| 15:30 | Karlak · first_building Castle |
| 16:02 | Pr3mier · first_building Monastery |
| 16:51 | xLucky900 · age_up castle |
| 16:54 | xLucky900 · first_building Siege Workshop |
| 18:16 | xLucky900 · first_building Monastery |
| 18:22 | Karlak · first_building Siege Workshop |
| 18:32 | PaLikaRi · first_building Siege Workshop |
| 18:50 | DD2E Antares de la Luz · first_building Monastery |
| 19:44 | xLucky900 · first_building Castle |
| 20:47 | ContingencyArgument · first_building Stable |
| 22:32 | PaLikaRi · first_building Castle |
| 23:16 | PaLikaRi · wall_segment Stone Wall x8 |
| 23:40 | ContingencyArgument · age_up castle |
| 23:52 | [BÜN] Schmirgel · first_building Castle |
| 24:42 | TheBlackMamba · age_up castle |
| 24:43 | TheBlackMamba · first_building Siege Workshop |
| 24:51 | TheBlackMamba · first_market_buy 100 stone |
| 25:02 | Pr3mier · first_building Barracks |
| 25:10 | TheBlackMamba · first_building Castle |
| 25:41 | Pr3mier · first_building Stable |
| 26:32 | xLucky900 · wall_segment Stone Wall x1 |
| 27:04 | Karlak · first_market_buy 100 food |
| 27:14 | [BÜN] Schmirgel · first_building Siege Workshop |
| 27:45 | ContingencyArgument · first_building Monastery |
| 27:47 | PaLikaRi · wall_segment Stone Wall x5 |
| 27:47 | TheBlackMamba · wall_segment Stone Wall x1 |
| 28:01 | Pr3mier · age_up imperial |
| 28:18 | PaLikaRi · wall_segment Stone Wall x3 |
| 28:50 | [BÜN] Schmirgel · age_up imperial |
| 29:51 | Pr3mier · first_building Siege Workshop |
| 30:11 | PaLikaRi · wall_segment Stone Wall x1 |
| 30:40 | Karlak · age_up imperial |
| 30:58 | xLucky900 · first_building Barracks |
| 31:16 | TheBlackMamba · first_market_sell 100 food |
| 31:35 | TheBlackMamba · age_up imperial |
| 32:43 | PaLikaRi · first_market_sell 100 wood |
| 33:10 | Pr3mier · first_building Castle |
| 33:12 | PaLikaRi · age_up imperial |
| 33:51 | ContingencyArgument · wall_segment Palisade Wall x1 |
| 34:23 | Karlak · first_market_sell 100 stone |
| 35:07 | xLucky900 · age_up imperial |
| 36:42 | ContingencyArgument · first_building Archery Range |
| 36:45 | DD2E Antares de la Luz · age_up imperial |
| 37:47 | DD2E Antares de la Luz · wall_segment Stone Wall x3 |
| 38:08 | PaLikaRi · wall_segment Stone Wall x14 |
| 38:10 | ContingencyArgument · age_up imperial |
| 38:13 | PaLikaRi · wall_segment Stone Wall x8 |
| 38:31 | Karlak · first_building Barracks |
| 38:33 | DD2E Antares de la Luz · first_building Castle |
| 38:53 | PaLikaRi · wall_segment Stone Wall x9 |
| 39:22 | ContingencyArgument · first_building Castle |
| 40:14 | Karlak · first_building Stable |
| 40:16 | ContingencyArgument · first_market_sell 500 food |
| 40:33 | PaLikaRi · tribute_sent a jugador 1 |
| 40:33 | PaLikaRi · tribute_sent a jugador 2 |
| 40:33 | PaLikaRi · tribute_sent a jugador 3 |
| 40:33 | PaLikaRi · tribute_sent a jugador 5 |
| 40:33 | PaLikaRi · tribute_sent a jugador 6 |
| 40:33 | PaLikaRi · tribute_sent a jugador 7 |
| 40:33 | PaLikaRi · tribute_sent a jugador 8 |
| 41:39 | PaLikaRi · wall_segment Stone Wall x1 |
| 41:55 | PaLikaRi · tribute_sent a jugador 1 |
| 41:55 | PaLikaRi · tribute_sent a jugador 2 |
| 41:55 | PaLikaRi · tribute_sent a jugador 3 |
| 41:55 | PaLikaRi · tribute_sent a jugador 5 |
| 41:55 | PaLikaRi · tribute_sent a jugador 6 |
| 41:55 | PaLikaRi · tribute_sent a jugador 7 |
| 41:55 | PaLikaRi · tribute_sent a jugador 8 |
| 43:56 | PaLikaRi · tribute_sent a jugador 1 |
| 43:56 | PaLikaRi · tribute_sent a jugador 2 |
| 43:56 | PaLikaRi · tribute_sent a jugador 3 |
| 43:56 | PaLikaRi · tribute_sent a jugador 5 |
| 43:56 | PaLikaRi · tribute_sent a jugador 6 |
| 43:56 | PaLikaRi · tribute_sent a jugador 7 |
| 43:56 | PaLikaRi · tribute_sent a jugador 8 |
| 46:02 | PaLikaRi · tribute_sent a jugador 1 |
| 46:02 | PaLikaRi · tribute_sent a jugador 2 |
| 46:02 | PaLikaRi · tribute_sent a jugador 3 |
| 46:02 | PaLikaRi · tribute_sent a jugador 5 |
| 46:02 | PaLikaRi · tribute_sent a jugador 6 |
| 46:02 | PaLikaRi · tribute_sent a jugador 7 |
| 46:02 | PaLikaRi · tribute_sent a jugador 8 |
| 47:29 | xLucky900 · tribute_sent a jugador 2 |
| 47:29 | xLucky900 · tribute_sent a jugador 3 |
| 47:29 | xLucky900 · tribute_sent a jugador 4 |
| 47:29 | xLucky900 · tribute_sent a jugador 5 |
| 47:29 | xLucky900 · tribute_sent a jugador 6 |
| 47:29 | xLucky900 · tribute_sent a jugador 7 |
| 47:29 | xLucky900 · tribute_sent a jugador 8 |
| 47:39 | xLucky900 · tribute_sent a jugador 2 |
| 47:39 | xLucky900 · tribute_sent a jugador 3 |
| 47:39 | xLucky900 · tribute_sent a jugador 4 |
| 47:39 | xLucky900 · tribute_sent a jugador 5 |
| 47:39 | xLucky900 · tribute_sent a jugador 6 |
| 47:39 | xLucky900 · tribute_sent a jugador 7 |
| 47:39 | xLucky900 · tribute_sent a jugador 8 |
| 48:26 | ContingencyArgument · tribute_sent a jugador 1 |
| 48:26 | ContingencyArgument · tribute_sent a jugador 2 |
| 48:26 | ContingencyArgument · tribute_sent a jugador 4 |
| 48:26 | ContingencyArgument · tribute_sent a jugador 5 |
| 48:26 | ContingencyArgument · tribute_sent a jugador 6 |
| 48:26 | ContingencyArgument · tribute_sent a jugador 7 |
| 48:26 | ContingencyArgument · tribute_sent a jugador 8 |
| 48:42 | ContingencyArgument · tribute_sent a jugador 1 |
| 48:42 | ContingencyArgument · tribute_sent a jugador 2 |
| 48:42 | ContingencyArgument · tribute_sent a jugador 4 |
| 48:42 | ContingencyArgument · tribute_sent a jugador 5 |
| 48:42 | ContingencyArgument · tribute_sent a jugador 6 |
| 48:42 | ContingencyArgument · tribute_sent a jugador 7 |
| 48:42 | ContingencyArgument · tribute_sent a jugador 8 |
| 49:46 | xLucky900 · tribute_sent a jugador 2 |
| 49:46 | xLucky900 · tribute_sent a jugador 3 |
| 49:46 | xLucky900 · tribute_sent a jugador 4 |
| 49:46 | xLucky900 · tribute_sent a jugador 5 |
| 49:46 | xLucky900 · tribute_sent a jugador 6 |
| 49:46 | xLucky900 · tribute_sent a jugador 7 |
| 49:46 | xLucky900 · tribute_sent a jugador 8 |
| 50:13 | ContingencyArgument · tribute_sent a jugador 1 |
| 50:13 | ContingencyArgument · tribute_sent a jugador 2 |
| 50:13 | ContingencyArgument · tribute_sent a jugador 4 |
| 50:13 | ContingencyArgument · tribute_sent a jugador 5 |
| 50:13 | ContingencyArgument · tribute_sent a jugador 6 |
| 50:13 | ContingencyArgument · tribute_sent a jugador 7 |
| 50:13 | ContingencyArgument · tribute_sent a jugador 8 |
| 51:29 | xLucky900 · tribute_sent a jugador 2 |
| 51:29 | xLucky900 · tribute_sent a jugador 3 |
| 51:29 | xLucky900 · tribute_sent a jugador 4 |
| 51:29 | xLucky900 · tribute_sent a jugador 5 |
| 51:29 | xLucky900 · tribute_sent a jugador 6 |
| 51:29 | xLucky900 · tribute_sent a jugador 7 |
| 51:29 | xLucky900 · tribute_sent a jugador 8 |
| 52:03 | DD2E Antares de la Luz · first_market_sell 500 stone |
| 52:12 | xLucky900 · tribute_sent a jugador 2 |
| 52:12 | xLucky900 · tribute_sent a jugador 3 |
| 52:12 | xLucky900 · tribute_sent a jugador 4 |
| 52:12 | xLucky900 · tribute_sent a jugador 5 |
| 52:12 | xLucky900 · tribute_sent a jugador 6 |
| 52:12 | xLucky900 · tribute_sent a jugador 7 |
| 52:12 | xLucky900 · tribute_sent a jugador 8 |
| 52:25 | xLucky900 · tribute_sent a jugador 2 |
| 52:25 | xLucky900 · tribute_sent a jugador 3 |
| 52:25 | xLucky900 · tribute_sent a jugador 4 |
| 52:25 | xLucky900 · tribute_sent a jugador 5 |
| 52:25 | xLucky900 · tribute_sent a jugador 6 |
| 52:25 | xLucky900 · tribute_sent a jugador 7 |
| 52:25 | xLucky900 · tribute_sent a jugador 8 |
| 52:27 | DD2E Antares de la Luz · tribute_sent a jugador 1 |
| 52:27 | DD2E Antares de la Luz · tribute_sent a jugador 2 |
| 52:27 | DD2E Antares de la Luz · tribute_sent a jugador 3 |
| 52:27 | DD2E Antares de la Luz · tribute_sent a jugador 4 |
| 52:27 | DD2E Antares de la Luz · tribute_sent a jugador 5 |
| 52:27 | DD2E Antares de la Luz · tribute_sent a jugador 6 |
| 52:27 | DD2E Antares de la Luz · tribute_sent a jugador 7 |
| 53:54 | xLucky900 · tribute_sent a jugador 2 |
| 53:54 | xLucky900 · tribute_sent a jugador 3 |
| 53:54 | xLucky900 · tribute_sent a jugador 4 |
| 53:54 | xLucky900 · tribute_sent a jugador 5 |
| 53:54 | xLucky900 · tribute_sent a jugador 6 |
| 53:54 | xLucky900 · tribute_sent a jugador 7 |
| 53:54 | xLucky900 · tribute_sent a jugador 8 |
| 54:13 | xLucky900 · tribute_sent a jugador 2 |
| 54:13 | xLucky900 · tribute_sent a jugador 3 |
| 54:13 | xLucky900 · tribute_sent a jugador 4 |
| 54:13 | xLucky900 · tribute_sent a jugador 5 |
| 54:13 | xLucky900 · tribute_sent a jugador 6 |
| 54:13 | xLucky900 · tribute_sent a jugador 7 |
| 54:13 | xLucky900 · tribute_sent a jugador 8 |
| 54:57 | xLucky900 · tribute_sent a jugador 2 |
| 54:57 | xLucky900 · tribute_sent a jugador 3 |
| 54:57 | xLucky900 · tribute_sent a jugador 4 |
| 54:57 | xLucky900 · tribute_sent a jugador 5 |
| 54:57 | xLucky900 · tribute_sent a jugador 6 |
| 54:57 | xLucky900 · tribute_sent a jugador 7 |
| 54:57 | xLucky900 · tribute_sent a jugador 8 |
| 55:02 | xLucky900 · tribute_sent a jugador 2 |
| 55:02 | xLucky900 · tribute_sent a jugador 3 |
| 55:02 | xLucky900 · tribute_sent a jugador 4 |
| 55:02 | xLucky900 · tribute_sent a jugador 5 |
| 55:02 | xLucky900 · tribute_sent a jugador 6 |
| 55:02 | xLucky900 · tribute_sent a jugador 7 |
| 55:02 | xLucky900 · tribute_sent a jugador 8 |
| 55:12 | xLucky900 · first_building Archery Range |
| 55:32 | xLucky900 · tribute_sent a jugador 2 |
| 55:32 | xLucky900 · tribute_sent a jugador 3 |
| 55:32 | xLucky900 · tribute_sent a jugador 4 |
| 55:32 | xLucky900 · tribute_sent a jugador 5 |
| 55:32 | xLucky900 · tribute_sent a jugador 6 |
| 55:32 | xLucky900 · tribute_sent a jugador 7 |
| 55:32 | xLucky900 · tribute_sent a jugador 8 |
| 56:13 | [BÜN] Schmirgel · tribute_sent a jugador 1 |
| 56:13 | [BÜN] Schmirgel · tribute_sent a jugador 2 |
| 56:13 | [BÜN] Schmirgel · tribute_sent a jugador 3 |
| 56:13 | [BÜN] Schmirgel · tribute_sent a jugador 4 |
| 56:13 | [BÜN] Schmirgel · tribute_sent a jugador 5 |
| 56:13 | [BÜN] Schmirgel · tribute_sent a jugador 7 |
| 56:13 | [BÜN] Schmirgel · tribute_sent a jugador 8 |
| 56:31 | DD2E Antares de la Luz · first_market_buy 100 wood |
| 56:44 | [BÜN] Schmirgel · first_market_sell 500 wood |
| 57:03 | xLucky900 · tribute_sent a jugador 2 |
| 57:03 | xLucky900 · tribute_sent a jugador 3 |
| 57:03 | xLucky900 · tribute_sent a jugador 4 |
| 57:03 | xLucky900 · tribute_sent a jugador 5 |
| 57:03 | xLucky900 · tribute_sent a jugador 6 |
| 57:03 | xLucky900 · tribute_sent a jugador 7 |
| 57:03 | xLucky900 · tribute_sent a jugador 8 |
| 57:18 | [BÜN] Schmirgel · tribute_sent a jugador 1 |
| 57:18 | [BÜN] Schmirgel · tribute_sent a jugador 2 |
| 57:18 | [BÜN] Schmirgel · tribute_sent a jugador 3 |
| 57:18 | [BÜN] Schmirgel · tribute_sent a jugador 4 |
| 57:18 | [BÜN] Schmirgel · tribute_sent a jugador 5 |
| 57:18 | [BÜN] Schmirgel · tribute_sent a jugador 7 |
| 57:18 | [BÜN] Schmirgel · tribute_sent a jugador 8 |
| 57:53 | Karlak · wall_segment Stone Wall x5 |
| 59:05 | ContingencyArgument · wall_segment Palisade Wall x6 |
| 59:05 | [BÜN] Schmirgel · tribute_sent a jugador 1 |
| 59:05 | [BÜN] Schmirgel · tribute_sent a jugador 2 |
| 59:05 | [BÜN] Schmirgel · tribute_sent a jugador 3 |
| 59:05 | [BÜN] Schmirgel · tribute_sent a jugador 4 |
| 59:05 | [BÜN] Schmirgel · tribute_sent a jugador 5 |
| 59:05 | [BÜN] Schmirgel · tribute_sent a jugador 7 |
| 59:05 | [BÜN] Schmirgel · tribute_sent a jugador 8 |
| 59:10 | DD2E Antares de la Luz · tribute_sent a jugador 1 |
| 59:10 | DD2E Antares de la Luz · tribute_sent a jugador 2 |
| 59:10 | DD2E Antares de la Luz · tribute_sent a jugador 3 |
| 59:10 | DD2E Antares de la Luz · tribute_sent a jugador 4 |
| 59:10 | DD2E Antares de la Luz · tribute_sent a jugador 5 |
| 59:10 | DD2E Antares de la Luz · tribute_sent a jugador 6 |
| 59:10 | DD2E Antares de la Luz · tribute_sent a jugador 7 |
| 59:15 | xLucky900 · tribute_sent a jugador 2 |
| 59:15 | xLucky900 · tribute_sent a jugador 3 |
| 59:15 | xLucky900 · tribute_sent a jugador 4 |
| 59:15 | xLucky900 · tribute_sent a jugador 5 |
| 59:15 | xLucky900 · tribute_sent a jugador 6 |
| 59:15 | xLucky900 · tribute_sent a jugador 7 |
| 59:15 | xLucky900 · tribute_sent a jugador 8 |
| 59:23 | xLucky900 · tribute_sent a jugador 2 |
| 59:23 | xLucky900 · tribute_sent a jugador 3 |
| 59:23 | xLucky900 · tribute_sent a jugador 4 |
| 59:23 | xLucky900 · tribute_sent a jugador 5 |
| 59:23 | xLucky900 · tribute_sent a jugador 6 |
| 59:23 | xLucky900 · tribute_sent a jugador 7 |
| 59:23 | xLucky900 · tribute_sent a jugador 8 |
| 60:23 | xLucky900 · tribute_sent a jugador 2 |
| 60:23 | xLucky900 · tribute_sent a jugador 3 |
| 60:23 | xLucky900 · tribute_sent a jugador 4 |
| 60:23 | xLucky900 · tribute_sent a jugador 5 |
| 60:23 | xLucky900 · tribute_sent a jugador 6 |
| 60:23 | xLucky900 · tribute_sent a jugador 7 |
| 60:23 | xLucky900 · tribute_sent a jugador 8 |
| 60:27 | xLucky900 · tribute_sent a jugador 2 |
| 60:27 | xLucky900 · tribute_sent a jugador 3 |
| 60:27 | xLucky900 · tribute_sent a jugador 4 |
| 60:27 | xLucky900 · tribute_sent a jugador 5 |
| 60:27 | xLucky900 · tribute_sent a jugador 6 |
| 60:27 | xLucky900 · tribute_sent a jugador 7 |
| 60:27 | xLucky900 · tribute_sent a jugador 8 |
| 60:33 | [BÜN] Schmirgel · tribute_sent a jugador 1 |
| 60:33 | [BÜN] Schmirgel · tribute_sent a jugador 2 |
| 60:33 | [BÜN] Schmirgel · tribute_sent a jugador 3 |
| 60:33 | [BÜN] Schmirgel · tribute_sent a jugador 4 |
| 60:33 | [BÜN] Schmirgel · tribute_sent a jugador 5 |
| 60:33 | [BÜN] Schmirgel · tribute_sent a jugador 7 |
| 60:33 | [BÜN] Schmirgel · tribute_sent a jugador 8 |
| 61:46 | [BÜN] Schmirgel · tribute_sent a jugador 1 |
| 61:46 | [BÜN] Schmirgel · tribute_sent a jugador 2 |
| 61:46 | [BÜN] Schmirgel · tribute_sent a jugador 3 |
| 61:46 | [BÜN] Schmirgel · tribute_sent a jugador 4 |
| 61:46 | [BÜN] Schmirgel · tribute_sent a jugador 5 |
| 61:46 | [BÜN] Schmirgel · tribute_sent a jugador 7 |
| 61:46 | [BÜN] Schmirgel · tribute_sent a jugador 8 |
| 62:48 | [BÜN] Schmirgel · tribute_sent a jugador 1 |
| 62:48 | [BÜN] Schmirgel · tribute_sent a jugador 2 |
| 62:48 | [BÜN] Schmirgel · tribute_sent a jugador 3 |
| 62:48 | [BÜN] Schmirgel · tribute_sent a jugador 4 |
| 62:48 | [BÜN] Schmirgel · tribute_sent a jugador 5 |
| 62:48 | [BÜN] Schmirgel · tribute_sent a jugador 7 |
| 62:48 | [BÜN] Schmirgel · tribute_sent a jugador 8 |
| 63:51 | xLucky900 · tribute_sent a jugador 2 |
| 63:51 | xLucky900 · tribute_sent a jugador 3 |
| 63:51 | xLucky900 · tribute_sent a jugador 4 |
| 63:51 | xLucky900 · tribute_sent a jugador 5 |
| 63:51 | xLucky900 · tribute_sent a jugador 6 |
| 63:51 | xLucky900 · tribute_sent a jugador 7 |
| 63:51 | xLucky900 · tribute_sent a jugador 8 |
| 65:39 | TheBlackMamba · resign |
[ AI ANALYSIS · 1 CREDIT ]
What really happened in this match?
Wolo.gg analyzes every decision: build order, eco, micro, common mistakes by bracket. Personalized analysis on WhatsApp or Discord in 30 seconds.
Civ guide
Poles
Perfil
Jugador #541989